 Dungeon Crawl Stone Soup version 0.25.1-2-g60ff931df9 (webtiles) character file.

Game seed: 9360986753779582809

667337 Delamore the Hoplite (level 27, -12/193 HPs)
             Began as a Gargoyle Fighter on Oct 29, 2020.
             Was a High Priest of Qazlal.
             Killed from afar by a shard shrike (51 damage)
             ... with a shard of ice
             ... on level 7 of Cocytus.
             The game lasted 01:53:13 (67260 turns).

Delamore the Hoplite (Gargoyle Fighter)            Turns: 67260, Time: 01:53:14

Health: -12/193    AC: 62    Str: 28    XL:     27
Magic:  51/51      EV: 10    Int: 17    God:    Qazlal [*****.]
Gold:   3586       SH: 33    Dex:  9    Spells: 56/56 levels left

rFire    + + +     SeeInvis .   r - +10 morningstar "Eos" {elec, Halo rElec}
rCold    + + .     Gourm    .   i - +8 kite shield of Xom's Regard {rN+}
rNeg     + + +     Faith    .   G - +12 gold dragon scales
rPois    ∞         Spirit   .   E - -2 hat of the Alchemist {rElec rPois rF+ rC+ rN+ MR+ rMut rCorr}
rElec    +         Reflect  .   R - +2 cloak of Pureh {rF+ Str+3 Int+2}
rCorr    +         Harm     .   C - +2 pair of gloves {archery}
rMut     +                      N - +1 pair of boots {Fly}
MR       +++++                  H - amulet of Hesud {Regen+ Int+2 Slay+2}
Stlth    ..........             g - +4 ring of slaying
HPRegen  0.82/turn              c - ring "Isownuom" {MR++ MP+9 EV+4 Int-2 Stlth+}
MPRegen  0.32/turn

@: flying, glowing, studying 2 skills, repel missiles
A: big wings, mutation resistance 1, negative energy resistance 1, electricity
resistance, weak 1, unbreathing, petrification resistance, rot immunity, AC +20
}: 4/15 runes: serpentine, barnacled, silver, abyssal
a: Stop Flying, Upheaval, Elemental Force, Disaster Area, Renounce Religion


You were on level 7 of Cocytus.
You worshipped Qazlal.
Qazlal was extremely pleased with you.
You were not hungry.

You visited 11 branches of the dungeon, and saw 53 of its levels.
You visited the Abyss 3 times.
You also visited: Sewer, Gauntlet and Volcano.

You collected 8587 gold pieces.
You spent 5001 gold pieces at shops.

Inventory:

Hand Weapons
 r - the +10 morningstar "Eos" (weapon) {elec, Halo rElec}
   (You found it on level 3 of the Vaults)

   Occasionally, upon striking a foe, it will discharge some electrical energy
   and cause terrible harm.
   It insulates you from electricity.
Missiles
 b - 76 javelins
 s - 15 silver javelins (quivered)
 L - 4 throwing nets
Armour
 i - the +8 kite shield of Xom's Regard (worn) {rN+}
   (You bought it in a shop on level 2 of the Orcish Mines)

   It protects you from negative energy.
 C - a +2 pair of gloves of archery (worn)
 E - the -2 hat of the Alchemist (worn) {rElec rPois rF+ rC+ rN+ MR+ rMut rCorr}
   (You found it on level 2 of the Vaults)

   It protects you from fire.
   It protects you from cold.
   It insulates you from electricity.
   It protects you from poison.
   It protects you from negative energy.
   It affects your resistance to hostile enchantments.
   It provides partial protection from all sources of acid and corrosion.
   It protects you from mutation.
 G - +12 gold dragon scales (worn)
 N - a +1 pair of boots of flying (worn)
 Q - a scarf of resistance
 R - the +2 cloak of Pureh (worn) {rF+ Str+3 Int+2}
   (You bought it in a shop on level 3 of the Elven Halls)

   It affects your strength (+3).
   It affects your intelligence (+2).
   It protects you from fire.
Jewellery
 a - the amulet "Ofetir" {RegenMP +Blink Slay+2}
   (You took it off a deep elf demonologist on level 3 of the Depths)

   [amulet of magic regeneration]

   It increases your magic regeneration.
   It affects your accuracy and damage with ranged weapons and melee attacks
   (+2).
   It lets you blink.
 c - the ring "Isownuom" (right hand) {MR++ MP+9 EV+4 Int-2 Stlth+}
   (You bought it in a shop on level 2 of the Orcish Mines)

   [ring of evasion]

   It affects your evasion (+4).
   It affects your intelligence (-2).
   It affects your resistance to hostile enchantments.
   It affects your magic capacity (+9).
   It makes you more stealthy.
 g - a +4 ring of slaying (left hand)
 H - the amulet of Hesud (around neck) {Regen+ Int+2 Slay+2}
   (You took it off a yaktaur captain on level 4 of the Depths)

   [amulet of regeneration]

   It affects your intelligence (+2).
   It affects your accuracy and damage with ranged weapons and melee attacks
   (+2).
   It increases your rate of regeneration.
Wands
 p - a wand of clouds (3)
 z - a wand of paralysis (29)
 D - a wand of flame (152)
 K - a wand of iceblast (47)
 O - a wand of disintegration (72)
 T - a wand of digging (3)
 Y - a wand of acid (35)
Scrolls
 h - 5 scrolls of magic mapping
 k - 6 scrolls of blinking
 l - 7 scrolls of fear
 m - a scroll of enchant armour
 o - 16 scrolls of teleportation
 v - 7 scrolls of amnesia
 w - 10 scrolls of enchant weapon
 y - 17 scrolls of remove curse
 A - 12 scrolls of fog
 B - 6 scrolls of identify
 J - a scroll of silence
 P - 4 scrolls of noise
 S - 4 scrolls of summoning
 W - 3 scrolls of immolation
Potions
 d - 9 potions of might
 e - 10 potions of mutation
 n - a potion of brilliance
 q - a potion of heal wounds
 t - 3 potions of haste
 x - 3 potions of curing
 F - 3 potions of resistance
 I - a potion of magic
 M - 3 potions of cancellation
 U - 3 potions of berserk rage
Books
 u - a manual of Maces & Flails
 V - a manual of Charms
Miscellaneous
 X - 3 phantom mirrors
Comestibles
 f - 58 rations


   Skills:
 - Level 25.0 Fighting
 - Level 20.0 Maces & Flails
 + Level 14.5 Throwing
 - Level 17.0 Armour
 - Level 25.0 Shields
 - Level 15.0 Spellcasting
 - Level 20.0 Invocations


You had 56 spell levels left.
You didn't know any spells.
Your spell library contained the following spells:

 Spells                   Type           Power        Failure   Level  Hunger
 Animate Skeleton         Necr           N/A          61%         1    None
 Apportation              Tloc           ##....       61%         1    None
 Corona                   Hex            ##.....      61%         1    None
 Foxfire                  Conj/Fire      ##..         61%         1    None
 Infusion                 Chrm           ##..         61%         1    None
 Magic Dart               Conj           ##..         61%         1    None
 Pain                     Necr           ##..         61%         1    None
 Shock                    Conj/Air       ##..         61%         1    None
 Sting                    Tmut/Pois      ##..         61%         1    None
 Summon Butterflies       Summ           ##......     61%         1    None
 Summon Small Mammal      Summ           ##..         61%         1    None
 Blink                    Tloc           N/A          75%         2    None
 Call Imp                 Summ           ##......     75%         2    None
 Ensorcelled Hibernation  Hex/Ice        ##....       75%         2    None
 Passwall                 Tmut/Erth      ##......     75%         2    None
 Poisonous Vapours        Pois/Air       ##....       75%         2    None
 Shroud of Golubria       Chrm/Tloc      ##....       75%         2    None
 Slow                     Hex            ##......     75%         2    None
 Song of Slaying          Chrm           ##......     75%         2    None
 Swiftness                Chrm/Air       ##......     75%         2    None
 Call Canine Familiar     Summ           ##......     93%         3    None
 Confusing Touch          Hex            ##......     93%         3    None
 Conjure Flame            Conj/Fire      ##......     93%         3    None
 Dazzling Flash           Conj/Hex       ##....       93%         3    None
 Gell's Gravitas          Tloc           ##........   93%         3    None
 Inner Flame              Hex/Fire       ##......     93%         3    None
 Lesser Beckoning         Tloc           ##........   93%         3    None
 Mephitic Cloud           Conj/Pois/Air  ##......     93%         3    None
 Ozocubu's Armour         Chrm/Ice       ##......     93%         3    None
 Portal Projectile        Hex/Tloc       ##....       93%         3    None
 Spectral Weapon          Hex/Chrm       ##......     93%         3    None
 Static Discharge         Conj/Air       ##......     93%         3    None
 Summon Guardian Golem    Hex/Summ       ##......     93%         3    None
 Tukima's Dance           Hex            ##......     93%         3    None
 Vampiric Draining        Necr           ##........   93%         3    None
 Airstrike                Air            ##........   100%        4    None
 Animate Dead             Necr           N/A          100%        4    None
 Ice Form                 Ice/Tmut       ##......     100%        4    None
 Leda's Liquefaction      Hex/Erth       ##........   100%        4    None
 Olgreb's Toxic Radiance  Pois           ##......     100%        4    None
 Passage of Golubria      Tloc           N/A          100%        4    None
 Petrify                  Tmut/Erth      ##......     100%        4    None
 Sticky Flame             Conj/Fire      ##......     100%        4    None
 Summon Ice Beast         Ice/Summ       ##......     100%        4    None
 Summon Lightning Spire   Summ/Air       ##......     100%        4    None
 Agony                    Necr           ##......     100%        5    ####...
 Alistair's Intoxication  Tmut/Pois      ##......     100%        5    ####...
 Bolt of Magma            Conj/Fire/Erth ##........   100%        5    ####...
 Fireball                 Conj/Fire      ##........   100%        5    ####...
 Irradiate                Conj/Tmut      ##........   100%        5    ####...
 Iskenderun's Battlesphe  Conj/Chrm      ##......     100%        5    ####...
 Lee's Rapid Deconstruct  Erth           ##........   100%        5    ####...
 Lightning Bolt           Conj/Air       ##........   100%        5    ####...
 Metabolic Englaciation   Hex/Ice        ##........   100%        5    ####...
 Silence                  Hex/Air        ##........   100%        5    ####...
 Summon Forest            Summ/Tloc      ##........   100%        5    ####...
 Yara's Violent Unravell  Hex/Tmut       ##........   100%        5    ####...
 Conjure Ball Lightning   Conj/Air       ##........   100%        6    #####..
 Darkness                 Hex            ##........   100%        6    #####..
 Death Channel            Necr           ##........   100%        6    #####..
 Freezing Cloud           Conj/Ice/Air   ##........   100%        6    #####..
 Hydra Form               Tmut           ##........   100%        6    #####..
 Invisibility             Hex            ##......     100%        6    #####..
 Iron Shot                Conj/Erth      ##........   100%        6    #####..
 Ozocubu's Refrigeration  Ice            ##........   100%        6    #####..
 Simulacrum               Ice/Necr       ##........   100%        6    #####..
 Dragon Form              Tmut           ##........   100%        7    #######
 Haunt                    Necr/Summ      ##........   100%        7    #######
 Malign Gateway           Summ/Tloc      ##........   100%        7    #######
 Monstrous Menagerie      Summ           ##........   100%        7    #######
 Orb of Destruction       Conj           ##........   100%        7    #######
 Ring of Flames           Chrm/Fire      ##........   100%        7    #######
 Spellforged Servitor     Conj/Summ      ##........   100%        7    #######
 Summon Greater Demon     Summ           ##........   100%        7    #######
 Borgnjor's Revivificati  Necr           ##........   100%        8    #######
 Death's Door             Chrm/Necr      ##........   100%        8    #######
 Ignition                 Fire           ##........   100%        8    #######
 Infestation              Necr           ##........   100%        8    #######
 Necromutation            Tmut/Necr      ##........   100%        8    #######
 Summon Horrible Things   Summ           ##........   100%        8    #######
 Shatter                  Erth           ##........   100%        9    #######
 Tornado                  Air            ##........   100%        9    #######
 Statue Form              Tmut/Erth      Unusable     N/A         6    N/A

Dungeon Overview and Level Annotations

Branches:
Dungeon (15/15)            Temple (1/1) D:6            Lair (6/6) D:10
 Shoals (4/4) Lair:4        Snake (4/4) Lair:4        Slime (0/5) Lair:5
    Orc (2/2) D:12            Elf (3/3) Orc:2        Vaults (5/5) D:13
  Crypt (0/3) Vaults:2     Depths (5/5) D:15           Hell (visited)
    Dis (0/7) Hell            Geh (0/7) Hell            Coc (7/7) Hell
    Tar (0/7) Hell          Sewer (visited)         Volcano (visited)
Gauntlet (visited)
    Zot: Depths:5

Altars:
Ashenzari
Cheibriados
Dithmenos
Elyvilon
Fedhas
Gozag
Hepliaklqana
Kikubaaqudgha
Makhleb
Nemelex Xobeh
Okawaru
Qazlal
Ru
Sif Muna
Trog
Uskayaw
Vehumet
Wu Jian
Xom
Yredelemnul
Zin
The Shining One
Beogh

Shops:
Orc:1 [   Orc:2 ([=?   Elf:2 [   Elf:3 *[*   Snake:1 *   Vaults:1 [(
Vaults:4 ?   Vaults:5 (

Portals:
Hell: Depths:1 Depths:2 Depths:3 Depths:4
Abyss: Depths:2 Depths:4
Pandemonium: Depths:3 Depths:4
Ziggurat: Depths:4

Annotations:
D:3 2 transporters, Curus's ghost, amateur DsGl
Depths:4 exclusion: ice statue


Innate Abilities, Weirdness & Mutations

You are resistant to torment.
Your stone body is resilient. (AC +20)
You are immune to poison.
Your large and strong wings let you fly indefinitely.
You resist negative energy. (rN+)
You are resistant to electric shocks. (rElec)
You can survive without breathing.
You are immune to petrification.
You are immune to rotting.
You are somewhat resistant to further mutation.
You are weak. (Str -2)


Message History

The shard shrike is engulfed in freezing vapours.
You block the shard shrike's attack. x2
The anaconda zombie bites you but does no damage.
The anaconda zombie constricts you.
The shard shrike is engulfed in freezing vapours.
You block the anaconda zombie's attack. The anaconda zombie constricts you.
You feel better.
The shard shrike screeches!
You block the shard shrike's attack. x2
The anaconda zombie is engulfed in freezing vapours.
The anaconda zombie bites you but does no damage.
The anaconda zombie constricts you.
You crush the anaconda zombie like a grape!!!
Lightning courses through the anaconda zombie!
You destroy the anaconda zombie!
Qazlal accepts your kill.
You hear a roar!
The shard shrike spits a shard of ice at you.
The shard of ice hits you!!! You partially resist.
You die...

,,,* **,,,≈≈≈≈≈≈≈≈≈≈≈≈≈≈≈≈≈.....
,,** **,,2≈≈≈≈≈..≈≈≈≈≈≈≈≈≈≈≈.....
,,* *,,,≈≈≈≈≈≈≈..≈≈≈≈≈≈≈≈≈≈≈≈...
,,* **,,,≈≈≈≈≈≈≈..≈≈≈≈...≈≈≈≈≈≈≈^
,,* *,,,≈≈≈≈≈≈≈≈...≈≈≈.[[.≈≈≈≈≈≈.
,** *,,,≈≈≈≈≈≈≈≈...≈≈≈...[.≈≈≈≈≈≈
,* *,,≈≈≈≈≈≈≈≈○☼§.≈≈≈......≈≈≈≈≈
** **,,≈≈≈≈≈≈≈≈°b.§≈≈≈..[...≈≈≈≈≈
* *,,≈≈≈≈≈≈≈≈°.@○≈≈≈≈≈......≈≈≈≈
* *,,≈≈≈≈≈≈≈≈b☼☼≈☼≈≈≈≈≈.....≈≈≈≈
* *,,≈≈≈≈≈≈≈...≈≈≈≈≈≈≈≈.....≈≈≈≈
* *,≈≈≈≈≈≈≈≈..≈≈≈≈≈≈≈≈≈≈...≈≈≈≈≈
* *,≈≈≈≈≈≈≈≈≈≈≈≈≈≈≈≈≈≈≈≈≈≈≈≈≈≈≈≈
* **,≈≈≈≈≈.4≈≈≈≈≈≈≈≈≈≈≈≈≈≈≈≈≈≈≈≈≈
* *,,≈≈≈≈...≈≈≈≈≈≈≈≈≈≈≈≈≈≈≈≈≈≈≈≈≈
***,,≈≈≈≈..≈≈≈≈≈≈≈≈≈≈≈≈≈≈4...,,≈≈
,**,≈≈≈,,,.≈≈≈≈≈≈≈≈≈≈≈≈≈≈4.,,,,,≈


You could see 2 shard shrikes, a reaper and an ice devil.

Vanquished Creatures
  A juggernaut (Depths:5)
  3 ancient liches
  Sojobo (D:15)
  11 shard shrikes
  A caustic shrike (Depths:3)
  Geryon (Hell)
  Nikola (D:15)
  2 profane servitors
  2 golden dragons (Vaults:5)
  6 bone dragons
  The ghost of SpeedRobin the Pandemonic, an adept DDFi of Makhleb (Vaults:1)
  A hellephant (Abyss:1)
  3 Ice Fiends
  A tentacled monstrosity (Vaults:5)
  7 liches
  3 deep elf blademasters
  3 quicksilver dragons (Vaults:5)
  3 sphinxes
  An eldritch tentacle (Abyss:4)
  Murray (Hell)
  13 tentacled starspawn
  4 titans
  Frances (D:14)
  Polyphemus (Shoals:4)
  2 Executioners
  Donald (Orc:2)
  Agnes (Snake:1)
  4 shadow dragons
  Kirke (Snake:3)
  4 storm dragons
  Ilsuiw (Shoals:2)
  11 tengu reavers
  9 nagarajas
  16 fire giants
  13 frost giants
  2 revenants
  15 deep elf sorcerers
  15 vault wardens
  3 cacodemons
  4 iron dragons
  Aizul (Shoals:2)
  3 balrugs (Hell)
  A ghost moth (shapeshifter) (Vaults:2)
  A ghoul (Vaults:5)
  2 angels
  8 deep elf elementalists
  6 war gargoyles
  16 ironheart preservers
  2 elemental wellsprings (Coc:7)
  30 very ugly things
  A caustic shrike skeleton (Depths:1)
  10 reapers
  20 stone giants
  3 spriggan defenders
  An entropy weaver (shapeshifter) (Vaults:4)
  A vampire knight (Depths:2)
  2 entropy weavers
  A minotaur (Gauntlet)
  Azrael (D:14)
  Nessos (Lair:5)
  A lorocyproca (Hell)
  5 deep elf demonologists
  6 deep elf annihilators
  A spark wasp (Depths:3)
  A red draconian (Volcano)
  19 ettins
  5 merfolk javelineers
  2 quicksilver dragon zombies
  16 blizzard demons
  9 deep elf death magi
  A green death (Depths:4)
  13 yaktaur captains
  5 jiangshi
  20 fire dragons
  5 merfolk impalers
  9 deep elf high priests
  Josephine (Lair:4)
  The ghost of patan the Brawler, a journeyman TrFi of Okawaru (Orc:2)
  8 great orbs of eyes
  6 hydras
  34 ice dragons
  7 naga warriors
  Fannar (D:11)
  A quicksilver dragon skeleton (Abyss:2)
  38 vault guards
  5 anacondas
  15 centaur warriors
  2 death knights
  5 rakshasas
  2 merfolk aquamancers
  3 catoblepae
  A death yak (shapeshifter) (Depths:3)
  2 monstrous demonspawn
  3 spriggan air magi
  29 dancing weapons
  4 deep troll shamans
  4 merfolk avatars
  3 death yaks (Shoals:4)
  22 two-headed ogres
  A two-headed ogre (shapeshifter) (Vaults:5)
  6 satyrs
  10 ogre magi
  5 deep troll earth magi
  9 hell hogs
  7 tengu warriors
  An iron golem (Hell)
  An alligator snapping turtle (Shoals:1)
  7 orc high priests
  2 spriggan berserkers
  17 naga sharpshooters
  7 titan zombies
  9 soul eaters
  30 deep elf knights
  Sonja (D:12)
  10 sun demons
  4 shock serpents
  15 thrashing horrors
  3 vampire magi
  22 hell knights
  6 sixfirhies
  3 storm dragon zombies
  4 shadow wraiths
  38 skeletal warriors
  11 wretched stars
  2 spatial maelstroms
  A salamander mystic (Volcano)
  A storm dragon skeleton (Coc:7)
  14 deep trolls
  15 sea snakes
  16 wizards
  4 iron trolls
  5 unseen horrors
  2 fire crabs (Abyss:2)
  A swamp dragon (shapeshifter) (Vaults:5)
  A golden dragon zombie (Abyss:2)
  3 glowing orange brains
  3 shadow demons
  6 anaconda zombies
  23 deep elf archers
  2 flayed ghosts
  A swamp dragon (Lair:6)
  7 naga ritualists
  3 phantasmal warriors
  An infernal demonspawn (Depths:3)
  4 anaconda skeletons
  17 ironbrand convokers
  9 necromancers
  A tengu zombie (Vaults:1)
  5 orc sorcerers
  An orange crystal statue (D:10)
  2 fire giant zombies
  27 harpies
  A golden dragon skeleton (Coc:5)
  4 wolf spiders
  16 orc knights
  The ghost of Thomus the Destroyer, a novice DECj of Vehumet (D:8)
  A shadow dragon skeleton (Coc:6)
  3 stone giant zombies
  An iron dragon zombie (Coc:5)
  3 salamanders (shapeshifter)
  74 deep elf magi
  9 mana vipers
  2 tengu skeletons
  40 ugly things
  A mana viper (shapeshifter) (Elf:2)
  A cyclops (shapeshifter) (Depths:3)
  2 frost giant zombies
  10 manticores
  23 fauns
  A moth of wrath (Gauntlet)
  An elephant (shapeshifter) (Vaults:2)
  4 frost giant skeletons
  6 cyclopes
  6 salamanders
  A stone giant skeleton (Coc:5)
  3 fire giant skeletons
  An apocalypse crab (Abyss:5)
  16 vault sentinels
  35 black mambas
  Maurice (D:9)
  Psyche (D:8)
  24 naga magi
  6 rust devils
  2 iron dragon skeletons
  An eye of devastation (shapeshifter) (Vaults:3)
  A guardian serpent (Lair:6)
  11 merfolk sirens
  7 worldbinders
  4 water nymphs
  A guardian serpent (shapeshifter) (Abyss:2)
  A water nymph (shapeshifter) (Vaults:5)
  3 hellions
  A dire elephant skeleton (Coc:4)
  11 smoke demons
  6 orange demons
  2 ice statues
  19 spiny frogs
  10 elephants (Lair:4)
  A torpor snail (shapeshifter) (Vaults:5)
  2 efreet
  An emperor scorpion zombie (Coc:1)
  30 large abominations
  23 freezing wraiths
  4 kobold demonologists
  58 yaktaurs
  3 rime drakes
  4 komodo dragons
  28 ice devils
  2 demonic crawlers
  3 hellwings
  6 tormentors
  3 human skeletons
  8 hydra zombies
  17 merfolk
  7 ancient zymes
  A golden dragon simulacrum (Coc:4)
  4 tengu conjurers
  6 trolls
  A jumping spider (shapeshifter) (Vaults:4)
  3 polar bears
  A shadow dragon simulacrum (Depths:1)
  2 red devils (Hell)
  3 meliai (shapeshifter)
  2 trolls (shapeshifter) (Vaults:4)
  3 wind drakes
  21 small abominations
  Grinder (D:4)
  6 alligator zombies
  2 slime creatures (shapeshifter)
  7 hornets
  13 raiju
  A harpy skeleton (D:15)
  13 hippogriffs
  7 hydra skeletons
  2 bog bodies (Coc:7)
  12 snapping turtles
  13 dream sheep
  A meliai zombie (D:14)
  A hippogriff (shapeshifter) (Depths:3)
  2 fire dragon zombies
  28 blink frogs
  2 ice dragon zombies
  59 flying skulls
  An ettin zombie (Coc:6)
  13 slime creatures
  An ice dragon skeleton (Coc:1)
  A redback (shapeshifter) (Vaults:1)
  4 air elementals
  38 yaks
  3 ettin skeletons
  69 starcursed masses
  9 redbacks
  2 alligator skeletons
  2 fire dragon skeletons (Coc:5)
  15 shadows
  A wyvern (shapeshifter) (Vaults:3)
  13 spriggans
  12 wyverns
  6 ynoxinuls
  Eustachio (D:3)
  21 water elementals
  14 wraiths
  Sigmund (D:3)
  4 fire bats (Abyss:2)
  18 fire elementals
  5 hungry ghosts
  4 golden eyes (Abyss:2)
  2 hogs (Snake:3)
  5 neqoxecs
  5 steam dragons
  5 chaos spawn
  4 spatial vortices
  An acid dragon (Lair:6)
  An elf skeleton (Vaults:1)
  4 hydra simulacra
  3 insubstantial wisps (Abyss:3)
  22 water moccasins
  8 wargs
  39 nagas
  2 soldier ants
  4 spiny frog zombies
  8 porcupines
  4 hell hounds
  37 orc warriors
  12 ice beasts
  A merfolk skeleton (Coc:7)
  2 spiny frog skeletons (Coc:1)
  A black bear (shapeshifter) (D:15)
  A swamp drake (Lair:6)
  3 eyes of draining
  3 black bears
  A necrophage (D:8)
  3 sky beasts
  An ice dragon simulacrum (Abyss:3)
  An elf zombie (Vaults:5)
  28 centaurs
  18 ogres
  2 snapping turtle zombies
  15 boggarts
  A phantom (D:9)
  20 crocodiles
  A snapping turtle skeleton (Coc:1)
  7 wolves
  A manticore skeleton (Coc:6)
  An ogre (shapeshifter) (Vaults:2)
  A big kobold (Sewer)
  24 bullfrogs
  6 earth elementals
  A water moccasin zombie (D:8)
  A glowing shapeshifter simulacrum (Vaults:5)
  3 spiny frog simulacra
  A wyvern zombie (D:8)
  7 scorpions
  3 killer bees (D:12)
  24 wights
  An electric eel (D:11)
  11 crimson imps
  4 howler monkeys
  2 bullfrog zombies (D:6)
  4 centaur zombies
  3 quasits
  4 lava snakes (D:10)
  3 human simulacra
  6 hounds
  12 jellies
  41 orc priests
  A bullfrog skeleton (D:9)
  42 orc wizards
  5 centaur skeletons
  7 iron imps
  3 iguanas
  Natasha (D:4)
  5 worker ants
  5 hell rats (Lair:1)
  A killer bee zombie (D:9)
  An ogre skeleton (Coc:7)
  2 hound skeletons (D:4)
  2 mummies
  A worker ant zombie (D:10)
  4 gnolls (Orc:2)
  2 river rats (Sewer)
  9 adders
  7 shadow imps
  18 white imps
  3 ufetubi
  2 oozes
  An ooze (shapeshifter) (Vaults:5)
  An adder zombie (D:5)
  2 adder skeletons (D:8)
  2 worms
  6 leopard geckos
  107 orcs
  A ball python (D:2)
  8 giant cockroaches
  16 goblins
  7 hobgoblins
  11 jackals
  15 kobolds
  3 quokkas
  10 bats
  4 frilled lizards
  A quokka zombie (D:7)
  10 rats
  A crawling corpse (Elf:2)
  6 plants
  15 starspawn tentacles
2846 creatures vanquished.

Vanquished Creatures (others)
  A lich (Depths:4)
  A shadow dragon (Vaults:5)
  An elemental wellspring (Coc:1)
  A hell hog (Hell)
  A naga sharpshooter (Snake:4)
  A sea snake (Shoals:4)
  A naga ritualist (Snake:4)
  A deep elf mage (Elf:3)
  2 fauns (Shoals:4)
  A black mamba (Snake:2)
  A guardian serpent (Snake:4)
  A spriggan zombie (Depths:1)
  A hydra zombie (Coc:7)
  A raiju (Abyss:5)
  A frost giant simulacrum (Depths:1)
  An alligator zombie (Coc:7)
  A water elemental (Depths:1)
  3 flying skulls (Coc:7)
  A naga (Snake:4)
  A boggart (Vaults:1)
  An ogre (Depths:1)
  A centaur (D:15)
  An orc (Vaults:2)
  30 fungi
  2 lurking horrors
  65 plants
  62 starspawn tentacles
185 creatures vanquished.

Grand Total: 3031 creatures vanquished

Notes
Turn   | Place    | Note
-------+----------+-------------------------------------------
     0 | D:1      | Delamore the Gargoyle Fighter began the quest for the Orb.
     0 | D:1      | Reached XP level 1. HP: 14/14 MP: 1/1
   114 | D:1      | Reached XP level 2. HP: 16/19 MP: 2/2
   522 | D:1      | Reached XP level 3. HP: 23/24 MP: 3/3
  1180 | D:2      | Found a radiant altar of Vehumet.
  1814 | D:3      | Reached XP level 4. HP: 29/29 MP: 4/4
  2108 | D:3      | Noticed Sigmund
  2585 | D:3      | Killed Sigmund
  2585 | D:3      | Reached XP level 5. HP: 14/34 MP: 5/5
  2585 | D:3      | Reached XP level 6. HP: 17/40 MP: 6/6
  2663 | D:3      | Noticed an ice beast
  2671 | D:3      | Killed an ice beast
  2671 | D:3      | Reached skill level 5 in Fighting
  2671 | D:3      | Reached skill level 5 in Shields
  2914 | D:3      | Found a snail-covered altar of Cheibriados.
  3012 | D:3      | Found a transporter.
  3012 | D:3      | Identified the +10 dire flail "Veitz" {freeze, rPois rF+
                  | Int-2 Dex+2}
  3012 | D:3      | Noticed Curus's ghost (amateur DsGl)
  3015 | D:3      | Found a transporter.
  3189 | D:3      | Reached skill level 5 in Maces & Flails
  3411 | D:4      | Reached XP level 7. HP: 18/44 MP: 7/7
  3750 | D:4      | Noticed Eustachio
  3805 | D:3      | Killed Eustachio
  4061 | D:4      | Noticed Grinder
  4087 | D:4      | Paralysed by Grinder for 4 turns
  4094 | D:4      | Killed Grinder
  4094 | D:4      | Reached XP level 8. HP: 15/49 MP: 8/8
  4309 | D:4      | Noticed Natasha
  4328 | D:4      | Killed Natasha
  4454 | D:5      | Entered Level 5 of the Dungeon
  4622 | D:5      | Found a glowing drain.
  4670 | Sewer    | Entered a sewer
  4819 | Sewer    | Found a white marble altar of Elyvilon.
  5713 | D:6      | Found a shadowy altar of Dithmenos.
  5713 | D:6      | Found a shattered altar of Ashenzari.
  5935 | D:6      | Found a glowing silver altar of Zin.
  6085 | D:6      | Reached skill level 10 in Maces & Flails
  6085 | D:6      | Reached XP level 9. HP: 48/54 MP: 9/9
  6283 | D:6      | Found a sparkling altar of Nemelex Xobeh.
  6283 | D:6      | Found an opulent altar of Gozag.
  6387 | D:6      | Found a staircase to the Ecumenical Temple.
  6430 | Temple   | Entered the Ecumenical Temple
  6524 | Temple   | Became a worshipper of Qazlal Stormbringer
  7189 | D:7      | Found a glowing golden altar of the Shining One.
  7488 | D:7      | Found a basalt altar of Yredelemnul.
  7552 | D:7      | Found a shimmering altar of Xom.
  7553 | D:7      | Found a burning altar of Makhleb.
  7905 | D:8      | Reached * piety under Qazlal
  8160 | D:8      | Got a translucent ring mail
  8171 | D:8      | Identified the cursed +1 ring mail of Purpose {+Fly rF+
                  | rC+} (You found it on level 8 of the Dungeon)
  8201 | D:8      | Found an iron altar of Okawaru.
  8261 | D:8      | Found a runed translucent door.
  8261 | D:8      | Noticed Thomus's ghost (novice DECj)
  8306 | D:8      | Reached XP level 10. HP: 54/59 MP: 10/10
  8334 | D:8      | Killed Thomus's ghost
  8390 | D:8      | Found an ancient bone altar of Kikubaaqudgha.
  8836 | D:8      | Noticed Psyche
  8838 | D:8      | Paralysed by Psyche for 2 turns
  8847 | D:8      | Killed Psyche
  9381 | D:9      | Reached ** piety under Qazlal
  9595 | D:9      | Noticed Maurice
  9603 | D:9      | Killed Maurice
  9642 | D:9      | Reached XP level 11. HP: 63/63 MP: 11/11
  9649 | D:9      | Reached skill level 15 in Maces & Flails
 10083 | D:9      | Noticed a six-headed hydra
 10093 | D:9      | Killed a six-headed hydra
 10329 | D:9      | Noticed a two-headed ogre
 10339 | D:9      | Noticed a two-headed ogre
 10341 | D:9      | Noticed a two-headed ogre
 10377 | D:9      | Noticed a two-headed ogre
 10379 | D:9      | Killed a two-headed ogre
 10382 | D:9      | Killed a two-headed ogre
 10389 | D:9      | Killed a two-headed ogre
 10393 | D:9      | Killed a two-headed ogre
 10660 | D:10     | Entered Level 10 of the Dungeon
 10681 | D:10     | Reached *** piety under Qazlal
 10912 | D:10     | Noticed an orange crystal statue
 11040 | D:10     | Found a staircase to the Lair.
 12030 | D:10     | Killed an orange crystal statue
 12030 | D:10     | Reached XP level 12. HP: 44/73 MP: 12/12
 12462 | D:11     | Noticed Fannar
 12468 | D:11     | Killed Fannar
 12468 | D:11     | Reached **** piety under Qazlal
 12628 | D:11     | Noticed a two-headed ogre
 12636 | D:11     | Killed a two-headed ogre
 13271 | Lair:1   | Entered Level 1 of the Lair of Beasts
 13376 | Lair:1   | Noticed an eight-headed hydra
 13381 | Lair:1   | Killed an eight-headed hydra
 13433 | Lair:1   | Reached skill level 10 in Fighting
 13433 | Lair:1   | Reached skill level 10 in Shields
 14292 | Lair:2   | Noticed a five-headed hydra
 14300 | Lair:2   | Killed a five-headed hydra
 14335 | Lair:2   | HP: 1/79 [blink frog (6)]
 14335 | Lair:2   | Reached XP level 13. HP: 1/84 MP: 13/13
 15896 | Lair:3   | Reached ***** piety under Qazlal
 15923 | Lair:3   | You fall into a shaft and drop 1 floor!
 16012 | Lair:4   | Found a staircase to the Snake Pit.
 16103 | Lair:4   | Noticed Josephine
 16139 | Lair:4   | Killed Josephine
 16312 | Lair:4   | Found a dark tunnel.
 16391 | Volcano  | Entered a volcano
 16507 | Volcano  | Noticed a red draconian
 16523 | Volcano  | Killed a red draconian
 17226 | Lair:4   | Found a staircase to the Shoals.
 17850 | Lair:5   | Gained mutation: Your large and strong wings let you fly
                  | indefinitely. [Gargoyle growth]
 17850 | Lair:5   | Reached XP level 14. HP: 91/95 MP: 14/14
 17854 | Lair:5   | Found a gate leading to a gauntlet.
 17867 | Gauntlet | Entered a Gauntlet
 17867 | Gauntlet | Found a transporter.
 17867 | Gauntlet | Found a transporter.
 17876 | Gauntlet | Found a transporter.
 17891 | Gauntlet | Found a transporter.
 17905 | Gauntlet | Noticed a reaper
 17908 | Gauntlet | Found a transporter.
 17919 | Gauntlet | Found a transporter.
 18118 | Gauntlet | Found a transporter.
 18119 | Gauntlet | Found a transporter.
 18127 | Gauntlet | Found a transporter.
 18150 | Gauntlet | Found a transporter.
 18155 | Gauntlet | Found a transporter.
 18155 | Gauntlet | Found a transporter.
 18200 | Gauntlet | Found a transporter.
 18203 | Gauntlet | Found a transporter.
 18263 | Gauntlet | Found a transporter.
 18278 | Gauntlet | Found a transporter.
 18470 | Gauntlet | Got a steaming bronze ring
 18474 | Gauntlet | Identified the ring "Liduod" {rF- rN++ Int+3 Dex+3 SInv}
                  | (You found it in a Gauntlet)
 18777 | Gauntlet | Got a translucent marble ring
 18779 | Gauntlet | Identified the ring "Xeafraang" {+Fly rC+ SInv} (You found
                  | it in a Gauntlet)
 18831 | Gauntlet | Got a faintly humming troll leather armour
 18842 | Gauntlet | Identified the +2 troll leather armour of Ynaepp {rC+
                  | Regen+ Str+2 Int+4} (You found it in a Gauntlet)
 18857 | Gauntlet | Got a brightly glowing kite shield
 18869 | Gauntlet | Identified the cursed +0 kite shield "Baditaz" {-Tele rElec
                  | rC+ Int+4} (You found it in a Gauntlet)
 19019 | Lair:5   | Found a staircase to the Slime Pits.
 19029 | Lair:3   | Found the +7 mace of Variability {chain chaos}
 19986 | Lair:6   | Entered Level 6 of the Lair of Beasts
 20042 | Lair:6   | Reached skill level 15 in Fighting
 20600 | Lair:5   | Reached ****** piety under Qazlal
 20769 | Lair:5   | Noticed Nessos
 20796 | Lair:5   | Paralysed by Nessos for 4 turns
 20806 | Lair:5   | Reached skill level 15 in Shields
 20819 | Lair:5   | Killed Nessos
 21198 | Lair:5   | Reached XP level 15. HP: 103/103 MP: 16/18
 21455 | Lair:5   | Reached skill level 5 in Invocations
 23034 | D:12     | Found a radiant altar of Vehumet.
 23106 | D:12     | Found a shadowy altar of Dithmenos.
 23114 | D:12     | Noticed Sonja
 23125 | D:12     | Killed Sonja
 23329 | D:12     | Found a staircase to the Orcish Mines.
 23622 | Orc:1    | Entered Level 1 of the Orcish Mines
 23926 | Orc:1    | Found a roughly hewn altar of Beogh.
 23966 | Orc:1    | Found Sopn's Armour Emporium.
 24118 | Orc:2    | Entered Level 2 of the Orcish Mines
 24152 | Orc:2    | Noticed Donald
 24181 | Orc:2    | Killed Donald
 24283 | Orc:2    | Noticed patan's ghost (journeyman TrFi)
 24293 | Orc:2    | Found a transporter.
 24299 | Orc:2    | Identified the +9 glaive "Konec" {vorpal, Int+2}
 24608 | Orc:2    | Reached skill level 10 in Invocations
 25052 | Orc:2    | Reached skill level 5 in Armour
 25266 | Orc:2    | Found a shimmering blue altar of Sif Muna.
 25293 | Orc:2    | Identified Sif Muna's Reference Book on Benedictions
 25309 | Orc:2    | Found a transporter.
 25422 | Orc:2    | Found Poenifio's Jewellery Boutique.
 25422 | Orc:2    | Found Juepsim's Antique Weapon Shop.
 25423 | Orc:2    | Found Filuegoi's Antique Armour Shop.
 25426 | Orc:2    | Found Nugriu's Magic Scroll Boutique.
 25430 | Orc:2    | Bought a scroll of identify for 20 gold pieces
 25430 | Orc:2    | Bought 2 scrolls of identify for 40 gold pieces
 25596 | Orc:2    | Found a staircase to the Elven Halls.
 25774 | Orc:2    | Killed patan's ghost
 26141 | Orc:2    | Bought a polished kite shield for 237 gold pieces
 26151 | Orc:2    | Identified the +8 kite shield of Xom's Regard {rN+} (You
                  | bought it in a shop on level 2 of the Orcish Mines)
 26154 | Orc:2    | Bought the ring "Isownuom" {MR++ MP+9 EV+4 Int-2 Stlth+}
                  | for 1033 gold pieces
 26362 | D:13     | Found an opulent altar of Gozag.
 26439 | D:13     | Found a gate to the Vaults.
 27146 | D:14     | Noticed Azrael
 27155 | D:14     | Noticed Frances
 27174 | D:14     | Killed Frances
 27188 | D:14     | Killed Azrael
 27585 | D:14     | Reached XP level 16. HP: 108/108 MP: 23/23
 27739 | D:14     | Reached skill level 10 in Armour
 28321 | D:15     | Entered Level 15 of the Dungeon
 29596 | D:15     | Found a staircase to the Depths.
 29720 | Depths:1 | Entered Level 1 of the Depths
 29885 | Snake:1  | Entered Level 1 of the Snake Pit
 29916 | Snake:1  | Found a shadowy altar of Dithmenos.
 29938 | Snake:1  | Noticed Agnes
 29976 | Snake:1  | Killed Agnes
 30242 | Snake:1  | Found Qaneiw's General Store.
 30257 | Snake:1  | Bought a potion of heal wounds for 75 gold pieces
 30257 | Snake:1  | Bought a scroll of blinking for 112 gold pieces
 31448 | Snake:3  | Reached XP level 17. HP: 115/115 MP: 25/25
 31571 | Snake:3  | Noticed Kirke
 31599 | Snake:3  | Killed Kirke
 32140 | Snake:4  | Entered Level 4 of the Snake Pit
 33381 | Snake:4  | Got a serpentine rune of Zot
 34179 | Shoals:1 | Entered Level 1 of the Shoals
 34215 | Shoals:1 | Reached XP level 18. HP: 92/124 MP: 28/28
 34759 | Depths:1 | Noticed Sojobo
 34985 | Depths:1 | Noticed Nikola
 35028 | D:15     | Killed Sojobo
 35028 | D:15     | Reached skill level 15 in Invocations
 35402 | D:15     | Killed Nikola
 36288 | Depths:1 | Found a gateway to Hell.
 36752 | Depths:2 | Found a one-way gate to the infinite horrors of the Abyss.
 37346 | Depths:2 | Reached XP level 19. HP: 73/135 MP: 30/30
 37775 | Depths:2 | You are sucked into a shaft and drop 1 floor!
 39189 | Depths:2 | Found a stormy altar of Qazlal.
 40458 | Depths:3 | Reached XP level 20. HP: 100/140 MP: 32/32
 40918 | Depths:3 | Found a shimmering blue altar of Sif Muna.
 40922 | Depths:3 | Identified the amulet "Ofetir" {RegenMP +Blink Slay+2}
 41794 | Depths:3 | Found a one-way gate leading to the halls of Pandemonium.
 42985 | Depths:4 | Identified the amulet of Hesud {Regen+ Int+2 Slay+2}
 44149 | Depths:4 | Noticed an ancient lich
 44217 | Depths:4 | Killed an ancient lich
 44217 | Depths:4 | Reached XP level 21. HP: 146/146 MP: 34/34
 44365 | Depths:4 | Found a gateway to a ziggurat.
 44634 | Depths:3 | Noticed a caustic shrike
 44661 | Depths:3 | Killed a caustic shrike
 44889 | Depths:5 | Entered Level 5 of the Depths
 44889 | Depths:5 | Noticed a juggernaut
 44913 | Depths:5 | Killed a juggernaut
 45021 | Depths:5 | Noticed a juggernaut
 46016 | Shoals:2 | Noticed Ilsuiw
 46493 | Shoals:2 | Killed Ilsuiw
 46755 | Shoals:2 | Noticed Aizul
 46836 | Shoals:2 | Killed Aizul
 48165 | Shoals:4 | Entered Level 4 of the Shoals
 48360 | Shoals:4 | Got a barnacled rune of Zot
 48471 | Shoals:4 | Identified the Volume of Entrancing Contamination
 48558 | Shoals:4 | Noticed Polyphemus
 48573 | Shoals:4 | Killed Polyphemus
 48573 | Shoals:4 | Reached XP level 22. HP: 125/152 MP: 36/36
 48969 | Shoals:4 | Identified the ring "Giofis" {rF- Int+8 Dex+4 Stlth+}
 49347 | Vaults:1 | Entered Level 1 of the Vaults
 49448 | Vaults:1 | Found Hoat's Antique Weapon Boutique.
 49653 | Vaults:1 | Found Byaxtil's Antique Armour Shop.
 49704 | Vaults:1 | Bought brightly glowing shadow dragon scales for 1700 gold
                  | pieces
 49753 | Vaults:1 | Identified the +9 shadow dragon scales of the Devil's Team
                  | {SInv Stlth++++} (You bought it in a shop on level 1 of the
                  | Vaults)
 49908 | Vaults:1 | Noticed SpeedRobin's ghost (adept DDFi)
 49909 | Vaults:1 | Found a runed translucent door.
 49973 | Vaults:1 | Killed SpeedRobin's ghost
 51708 | Vaults:2 | Reached XP level 23. HP: 146/156 MP: 37/37
 51954 | Vaults:2 | Found the -2 hat of the Alchemist {rElec rPois rF+ rC+ rN+
                  | MR+ rMut rCorr}
 51962 | Vaults:2 | Identified a scroll of acquirement
 51962 | Vaults:2 | Acquired a manual of Maces & Flails
 51965 | Vaults:2 | Got a translucent garnet amulet
 51966 | Vaults:2 | Identified the amulet "Ahuog" {Acrobat rF+} (You found it
                  | on level 2 of the Vaults)
 52310 | Vaults:2 | Found a staircase to the Crypt.
 53874 | Vaults:3 | Found the +10 morningstar "Eos" {elec, Halo rElec}
 54632 | Vaults:4 | Acquired 1000 gold pieces
 54976 | Vaults:4 | Found Ororag's Magic Scroll Boutique.
 55646 | Vaults:4 | Reached XP level 24. HP: 160/163 MP: 37/37
 55762 | Vaults:5 | Entered Level 5 of the Vaults
 55766 | Vaults:5 | Reached skill level 1 in Spellcasting
 55948 | Vaults:5 | Noticed an ancient lich
 56027 | Vaults:5 | Paralysed by a floating eye for 3 turns
 56031 | Vaults:5 | Reached skill level 5 in Spellcasting
 56047 | Vaults:5 | Killed an ancient lich
 56306 | Vaults:5 | Reached XP level 25. HP: 171/171 MP: 37/37
 56705 | Vaults:5 | Identified Uczawnim's Guide on Displaced Dark Rituals
 56712 | Vaults:5 | Found Sihirghiose's Antique Weapon Shop.
 57168 | Vaults:5 | Got a silver rune of Zot
 57184 | Vaults:5 | Identified Nacaitue's Disquisition on Earthen Talismans
 57419 | Vaults:5 | Got a brightly glowing granite ring
 57770 | Vaults:5 | Identified the ring of Zin's Indignation {rElec rF+ Int+2}
                  | (You found it on level 5 of the Vaults)
 57814 | Vaults:4 | Bought a scroll of fog for 26 gold pieces
 57814 | Vaults:4 | Bought a scroll of enchant armour for 97 gold pieces
 57814 | Vaults:4 | Bought a scroll of enchant armour for 97 gold pieces
 57814 | Vaults:4 | Bought a scroll of enchant armour for 97 gold pieces
 57814 | Vaults:4 | Bought a scroll of fog for 26 gold pieces
 58081 | Orc:2    | Bought a scroll of blinking for 75 gold pieces
 58081 | Orc:2    | Bought a scroll of enchant armour for 75 gold pieces
 58081 | Orc:2    | Bought a scroll of fog for 20 gold pieces
 58081 | Orc:2    | Bought a scroll of enchant weapon for 75 gold pieces
 58081 | Orc:2    | Bought a scroll of teleportation for 30 gold pieces
 58081 | Orc:2    | Bought a scroll of enchant weapon for 75 gold pieces
 58103 | Elf:1    | Entered Level 1 of the Elven Halls
 59236 | Elf:1    | Found a runed translucent gate.
 59236 | Elf:1    | Found a runed translucent gate.
 59236 | Elf:1    | Found a runed translucent gate.
 59236 | Elf:1    | Found a runed translucent gate.
 59236 | Elf:1    | Found a runed translucent gate.
 59298 | Elf:1    | Found a runed translucent gate.
 59794 | Elf:2    | Found Rakhis's Armour Boutique.
 60064 | Elf:2    | Found a huge runed translucent gate.
 60072 | Elf:2    | Found a huge runed translucent gate.
 60073 | Elf:2    | Found a huge runed translucent gate.
 60074 | Elf:2    | Found a huge runed translucent gate.
 60075 | Elf:2    | Found a huge runed translucent gate.
 60132 | Elf:2    | Reached skill level 10 in Spellcasting
 60310 | Elf:2    | Reached XP level 26. HP: 179/179 MP: 37/37
 60600 | Elf:3    | Entered Level 3 of the Elven Halls
 60601 | Elf:3    | Found Debeucin's Armour Boutique.
 60601 | Elf:3    | Found Xitaer's Assorted Antiques.
 60640 | Elf:3    | Bought a translucent cloak for 370 gold pieces
 60640 | Elf:3    | Bought a granite ring for 195 gold pieces
 60640 | Elf:3    | Bought a potion of heal wounds for 195 gold pieces
 60640 | Elf:3    | Bought a scroll of magic mapping for 136 gold pieces
 60640 | Elf:3    | Identified the +2 cloak of Pureh {rF+ Str+3 Int+2} (You
                  | bought it in a shop on level 3 of the Elven Halls)
 60759 | Elf:3    | Reached skill level 15 in Armour
 60918 | Elf:3    | Identified the ring "Jogohar" {rPois rF+ rC- MR++ Stlth-}
 60918 | Elf:3    | Identified the ring "Beunk" {*Drain rElec rN+ Int+6}
 61156 | Elf:3    | Got a twitching gossamer ring
 61211 | Elf:3    | Identified Sif Muna's Compendium of Summoning
 61296 | Elf:3    | Identified the ring "Cequcs" {Ice +Blink rN++} (You found
                  | it on level 3 of the Elven Halls)
 61578 | Elf:3    | Found Ydaidoc's Assorted Antiques.
 61584 | Elf:3    | Bought a sparkling amber ring for 195 gold pieces
 61584 | Elf:3    | Identified the cursed ring of Dishonesty {rElec rC- Str-5
                  | Int-4 SInv} (You bought it in a shop on level 3 of the
                  | Elven Halls)
 62109 | Depths:2 | Voluntarily entered the Abyss.
 62207 | Abyss:2  | Paralysed by accursed screaming for 1 turns
 62317 | Abyss:2  | Found a roughly hewn altar of Beogh.
 62608 | Abyss:2  | Paralysed by accursed screaming for 1 turns
 62621 | Abyss:2  | Paralysed by accursed screaming for 1 turns
 62640 | Abyss:2  | Gained mutation: You tend to lose your temper in combat. [a
                  | cacodemon]
 62687 | Abyss:2  | Found a corrupted altar of Lugonu.
 63063 | Abyss:3  | Found a shattered altar of Ashenzari.
 63281 | Abyss:4  | Paralysed by accursed screaming for 1 turns
 63289 | Abyss:5  | Entered Level 5 of the Abyss
 63345 | Abyss:5  | Reached XP level 27. HP: 188/188 MP: 39/39
 63489 | Depths:2 | Escaped the Abyss
 63513 | Depths:2 | Voluntarily entered the Abyss.
 63537 | Abyss:1  | Paralysed by accursed screaming for 1 turns
 63593 | Depths:2 | Escaped the Abyss
 63673 | Depths:2 | Voluntarily entered the Abyss.
 63770 | Abyss:2  | Found a corrupted altar of Lugonu.
 64151 | Abyss:3  | Found a corrupted altar of Lugonu.
 64179 | Abyss:3  | Acquired a manual of Charms
 64376 | Abyss:4  | Found a corrupted altar of Lugonu.
 64384 | Abyss:4  | Paralysed by an eldritch tentacle for 4 turns
 64443 | Abyss:4  | Got an abyssal rune of Zot
 64457 | Depths:2 | Escaped the Abyss
 64611 | Depths:2 | Lost mutation: You tend to lose your temper in combat.
                  | [potion of mutation]
 64611 | Depths:2 | Gained mutation: You are weak. (Str -2) [potion of
                  | mutation]
 64611 | Depths:2 | Gained mutation: You are somewhat resistant to further
                  | mutation. [potion of mutation]
 64642 | Hell     | Entered the Vestibule of Hell
 64642 | Hell     | Noticed Geryon
 64664 | Hell     | Killed Geryon
 64672 | Hell     | Noticed Murray
 64754 | Hell     | Found a gateway to the ashen valley of Gehenna.
 64780 | Hell     | Reached skill level 1 in Throwing
 65008 | Hell     | Found a gateway to the decaying netherworld of Tartarus.
 65119 | Hell     | Killed Murray
 65119 | Hell     | Reached skill level 15 in Spellcasting
 65170 | Hell     | Found a gateway to the freezing wastes of Cocytus.
 65377 | Hell     | Found a gateway to the Iron City of Dis.
 65441 | Coc:1    | Entered Level 1 of Cocytus
 65781 | Coc:1    | Reached skill level 5 in Throwing
 65876 | Coc:1    | You are sucked into a shaft and drop 1 floor!
 66205 | Coc:4    | Noticed an ancient lich
 66215 | Coc:4    | Killed an ancient lich
 66314 | Coc:4    | Reached skill level 10 in Throwing
 67068 | Coc:7    | Entered Level 7 of Cocytus
 67260 | Coc:7    | Killed from afar by a shard shrike

Illustrated notes

Levels and vault maps discovered:
D:1:      minmay_arrival_stair_chambers, layout_basic
D:2:      layout_loops_ring, vehumet_crystals
D:3:      layout_rooms, lemuel_round_altar, gammafunk_ghost_smash, uniq_sigmund
D:4:      layout_basic, first_ration, uniq_eustachio, uniq_grinder, uniq_natasha
D:5:      layout_loops_ring, gup_sewer_entry_glass, grunt_ministairs_15
D:6:      cheibrodos_steamvent, layout_basic, grunt_temple_overflow_opulence,
          chequers_temple_overflow_statue_of_worship, temple_doors_e,
          basic_altar
D:7:      layout_basic, grunt_temple_overflow_champion_of_chaos, tso_metal_star,
          kennysheep_mini_moat
D:8:      layout_rooms, kiku_gazebo_pond_becter, kennysheep_little_box,
          gammafunk_ghost_grave, grunt_ogre_cave, minmay_manual_mail,
          uniq_psyche
D:9:      layout_roguey, evilmike_minifort, uniq_maurice
D:10:     layout_basic, erik_lair_orcish_takeover, disabler_island
D:11:     layout_basic, uniq_fannar
D:12:     layout_roguey, minmay_orc_entry_guard_dogs, basic_altar,
          nicolae_dithmenos_the_darkroom, uniq_sonja
D:13:     layout_roguey, david_vaults_2,
          nicolae_gozag_cash_rules_everything_around_me
D:14:     layout_grid_maze, serial_park_avenue1, minivault_22, uniq_azrael,
          uniq_frances
D:15:     hangedman_depths_entry_civil_slaughter, layout_loops_ring,
          special_room [special_room_orc], hangedman_decor_lopped,
          feat_on_display
Temple:   zaba_magenta_temple
Lair:1:   layout_regular_city, minmay_stone_trees_small, grunt_megastairs_5
Lair:2:   layout_misc_corridors, grunt_megastairs_1,
          infiniplex_staircase_pool_2, lemuel_fruit_fields, serial_bayou_shore_b
Lair:3:   layout_big_grid, grunt_forest_stairs_clearing
Lair:4:   layout_roguey, elwin_shoals_entry_rocks,
          minmay_snake_entry_guardpost_large, enter_volcano_1,
          serial_bayou_pond_e, uniq_josephine
Lair:5:   kb_forest_paths, layout_cave_pods, minmay_slime_entry_pillars,
          gauntlet_entry_generic, uniq_nessos
Lair:6:   guppyfry_lair_end_dragon, layout_loops_ring,
          hangedman_lair_tendril_chambers, grunt_megastairs_3
Shoals:1: layout_shoals
Shoals:2: layout_shoals, uniq_ilsuiw, uniq_aizul
Shoals:3: layout_shoals
Shoals:4: shoals_end_grunt_garden, layout_shoals, hangedman_shoals_cup_caves,
          uniq_polyphemus
Snake:1:  layout_onion_interference, basic_altar, serial_shops,
          nicolae_shop_window_shopping, serial_bayou_shore_b, uniq_agnes
Snake:2:  layout_gridlike, serial_bayou_shore_b
Snake:3:  layout_basic, uniq_kirke
Snake:4:  snake_pit, layout_layer_cave
Orc:1:    layout_caves, serial_shops, shop, lemuel_statue_altar
Orc:2:    st_orc_mages, layout_caves, gammafunk_ghost_arena, led_sif_book,
          uniq_donald
Elf:1:    elf_arrival_002, layout_onion_city, orc_legates,
          einodemon_barbed_minivault
Elf:2:    layout_onion_city, serial_shops, shop
Elf:3:    minmay_elf_hall_spiked, layout_gridlike, serial_shops, shop,
          minmay_shoptagon
Vaults:1: ebering_vaults_ghost_reflecting_pool, ontoclasm_vaults_loading_screen,
          vaults_mumra_minichess, hangedman_vaults_restitches, v_misc_24,
          v_misc_13, vaults_room_grunt_arrival_ludios,
          nicolae_vaults_little_squares_3, vaults_mumra_hexcomb,
          vaults_room_large_hall, layout_vaults_quadrants, serial_shops,
          nicolae_shop_overgrown_old_shop, nicolae_shop_behind_doors
Vaults:2: minmay_crypt_entry_simple_walls, nicolae_vaults_arrows,
          vaults_room_hangedman_quadrants, grunt_vaults_swirl,
          nicolae_vaults_little_squares_5, ontoclasm_vaults_pinch,
          nicolae_vaults_little_squares_4, dpeg_vaults_monster_box,
          layout_vaults_chaotic_city
Vaults:3: kb_rosetta, v_pattern_3, ontoclasm_vaults_twist,
          nicolae_vaults_triangles, nicolae_vaults_network_quinsquares
          [nicolae_vaults_network_quincunx_subvault,
          nicolae_vaults_network_quincunx_subvault,
          nicolae_vaults_network_quincunx_subvault,
          nicolae_vaults_network_quincunx_subvault], v_misc_19,
          nicolae_vaults_little_ls, vaults_dpeg_doors, nicolae_vaults_theta,
          hangedman_vaults_stretched_pinwheel, nicolae_vaults_what_the_h,
          vaults_room_stairs_pillars, nicolae_vaults_sealed_display,
          layout_vaults_ring
Vaults:4: hangedman_vaults_stretched_pinwheel, vaults_room_door_ring,
          nicolae_vaults_puzzle_piece, v_misc_5, hangedman_vaults_slither,
          ontoclasm_vaults_shout, v_misc_16, nicolae_vaults_stairing_the_circle,
          grunt_vaults_diagonal, v_rooms_2, grunt_vaults_focal,
          vaults_room_corners, ontoclasm_vaults_ligature,
          layout_vaults_maze_bifur, serial_shops, shop
Vaults:5
Depths:1: layout_cave_pools, minmay_misc_feat_diagonals, hellmouth_1,
          serial_bayou_lake_a, uniq_sojobo, uniq_nikola
Depths:2: regret_index_qazlal_generations, layout_small_grid, abyss_entry,
          hangedman_coc_ice_floe, hangedman_decor_diamond_cutter,
          minmay_misc_feat_cross
Depths:3: minmay_isolated_rectangles_in_corner, layout_cave_pools,
          rand_demon_pan_entry_9, hell_entry, hangedman_summoners_spam
Depths:4: cheibrodos_cascadia, layout_cross, enter_ziggurat_d, abyss_entry,
          grunt_pan_entry_spiral, kennysheep_crisscross, hell_entry
Depths:5: grunt_zot_entry_funnels, layout_gridlike, grunt_pan_entry_in_and_out,
          serial_rivers, chequers_serial_rivers_micro_e,
          chequers_serial_rivers_micro_a, chequers_serial_rivers_small_3,
          chequers_serial_rivers_large_a, hell_entry, abyss_entry
Hell
Coc:1:    layout_ice_bergs, special_room [special_room_morgue]
Coc:2:    layout_cocytus_water_paths
Coc:3:    layout_cocytus_water_paths
Coc:4:    layout_ice_bergs
Coc:5:    layout_cocytus_water_paths
Coc:6:    layout_cocytus_water_paths
Coc:7:    coc_grunt_cove [coc_grunt_cove_antaeus, coc_grunt_cove_fiend,
          coc_grunt_cove_fiend, coc_grunt_cove_fiend, coc_grunt_cove_fiend]

Skill      XL: |  1  2  3  4  5  6  7  8  9 10 11 12 13 14 15 16 17 18 19 20 21 22 23 24 25 26 27 |
---------------+----------------------------------------------------------------------------------+-----
Shields        | 4 5 7 10 12 15 17 19 21 23 25 | 25.0
Fighting       | 4 5 7 10 13 15 16 17 20 21 22 23 25 | 25.0
Maces & Flails | 3 5 7 10 12 14 16 17 19 20 | 20.0
Invocations    | 4 10 11 14 15 17 19 20 | 20.0
Armour         | 9 10 12 14 16 17 | 17.0
Spellcasting   | 7 10 12 15 | 15.0
Throwing       | 14 | 14.5

Action                   |  1- 3 |  4- 6 |  7- 9 | 10-12 | 13-15 | 16-18 | 19-21 | 22-24 | 25-27 || total
-------------------------+-------+-------+-------+-------+-------+-------+-------+-------+-------++-------
Melee: Flail             |   175 |   109 |       |       |       |       |       |       |       ||   284
       Whip              |       |    68 |   537 |       |       |       |       |       |       ||   605
       Morningstar       |       |       |    99 |   649 |  1600 |  1571 |  1335 |  1646 |  2525 ||  9425
       Great mace        |       |       |       |       |       |       |   260 |       |       ||   260
Throw: Javelin           |       |       |       |       |     3 |       |     2 |     6 |    24 ||    35
       Throwing net      |       |       |       |       |     1 |       |       |       |       ||     1
Invok: Upheaval          |       |       |       |       |     4 |       |     1 |       |     2 ||     7
       Disaster Area     |       |       |       |       |     2 |    10 |    11 |     8 |    19 ||    50
       Elemental Force   |       |       |       |       |       |       |       |       |     1 ||     1
 Abil: Evoke Flight      |       |       |       |     4 |       |       |     1 |       |       ||     5
       Stop Flying       |       |       |       |     1 |       |       |     1 |       |     3 ||     5
       Fly               |       |       |       |       |     1 |       |     1 |       |     2 ||     4
Evoke: Wand              |       |       |       |     5 |       |       |     1 |     1 |     3 ||    10
  Use: Scroll            |       |       |     6 |     7 |    13 |     6 |     6 |     6 |    34 ||    78
       Potion            |       |       |     1 |     1 |     7 |     1 |     8 |       |    19 ||    37
  Eat: Chunk             |     3 |     6 |    15 |    18 |    38 |    19 |    24 |    22 |    14 ||   159
       Ration            |       |       |     2 |     1 |     2 |     4 |     4 |     2 |     7 ||    22
Armor: Scale mail        |   103 |   143 |   268 |       |       |       |       |       |       ||   514
       Ring mail         |       |       |     4 |   226 |    92 |       |       |       |       ||   322
       Plate armour      |       |       |       |       |   349 |       |       |       |       ||   349
       Crystal plate arm |       |       |       |       |   112 |   456 |   799 |    68 |       ||  1435
       Shadow dragon sca |       |       |       |       |       |       |       |   294 |    20 ||   314
       Skin              |       |       |       |       |       |       |       |     1 |       ||     1
       Gold dragon scale |       |       |       |       |       |       |       |       |  1508 ||  1508
Dodge: Dodged            |    77 |    82 |   134 |   122 |   198 |   201 |   341 |   205 |   636 ||  1996
       Repelled          |       |       |       |     1 |    10 |    49 |    65 |    23 |    36 ||   184
Block: Kite shield       |   109 |   128 |   255 |   410 |  1453 |  1974 |  1842 |  1803 |  4194 || 12168
       Other             |       |       |       |       |       |       |    72 |       |       ||    72
